 Dungeon Crawl Stone Soup version 0.20.1-1-g8b1a95d (webtiles) character file.

49280 Mesmaeker13 the Basher (level 13, 0/111 HPs)
             Began as a Demigod Skald on Aug 28, 2017.
             Slain by a dire elephant (24 damage)
             ... on level 6 of the Lair of Beasts.
             The game lasted 01:20:58 (31274 turns).

Mesmaeker13 the Basher (Demigod Skald)             Turns: 31274, Time: 01:20:59

Health: 0/111      AC: 16    Str: 18    XL:     13   Next: 80%
Magic:  11/19      EV: 16    Int: 24    God:
Gold:   1137       SH:  0    Dex: 15    Spells: 1/16 levels left

rFire    . . .     SeeInvis .   U - +2 great mace (flame)
rCold    + . .     Gourm    .   (shield currently unavailable)
rNeg     . . .     Faith    .   Z - +2 ring mail {rF+}
rPois    +         Spirit   .   M - +2 helmet {Int+3}
rElec    .         Reflect  .   y - +0 cloak
rCorr    .         Harm     .   f - +0 pair of gloves
MR       +....                  k - +0 pair of boots
Stlth    +.........             G - amulet of rage
Regen    0.3/turn               m - ring of ice
MPRegen  0.2/turn               i - ring of poison resistance

@: infused, hasted, studying Translocations, very quick
A: high mp 1
a: Evoke Berserk Rage


You were on level 6 of the Lair of Beasts.
You were not hungry.

You visited 2 branches of the dungeon, and saw 16 of its levels.
You also visited: Volcano.

You collected 1395 gold pieces.
You spent 258 gold pieces at shops.

Inventory:

Hand Weapons
 j - a +1 fustibalus of flaming
 N - a +3 morningstar of protection
 U - a +2 great mace of flaming (weapon)
 V - the +8 long sword of Death {flame, Int+2}
   (You found it on level 1 of the Lair of Beasts)

   It has been specially enchanted to burn those struck by it, causing extra
   injury to most foes and up to half again as much damage against particularly
   susceptible opponents.
   Big, fiery blades are also staple armaments of hydra-hunters.
   It affects your intelligence (+2).
Missiles
 p - 25 tomahawks
 C - 14 javelins (quivered)
 E - 2 needles of frenzy
 W - 40 sling bullets
Armour
 f - a +0 pair of gloves (worn)
 k - a +0 pair of boots (worn)
 y - a +0 cloak (worn)
 A - the +0 leather armour of a Thousand Continents {rPois rC+}
   (You found it on level 2 of the Lair of Beasts)

   It protects you from cold.
   It protects you from poison.
 I - a +2 ring mail of cold resistance
 M - a +2 helmet of intelligence (worn)
 Z - a +2 ring mail of fire resistance (worn)
Jewellery
 i - a ring of poison resistance (right hand)
 m - a ring of ice (left hand)
 o - an uncursed ring of protection from fire
 t - an uncursed ring of protection from magic
 G - an amulet of rage (around neck)
 L - an uncursed ring of wizardry {unknown}
 O - an uncursed ring of fire
Wands
 c - a wand of iceblast (8/15)
Scrolls
 a - 3 scrolls of amnesia
 e - 3 scrolls of magic mapping
 g - a scroll of fog
 l - a scroll of blinking
 n - 3 scrolls of immolation
 u - 3 scrolls of remove curse
 z - 3 scrolls of teleportation
 S - a scroll of torment
 T - 2 scrolls of recharging
Potions
 b - 3 potions of flight
 h - 3 potions of curing
 q - 4 potions of magic
 r - 4 potions of cancellation
 w - 3 potions of heal wounds
 x - 2 potions of brilliance {unknown}
 D - a potion of mutation {unknown}
 J - 3 potions of lignification {unknown}
 K - 4 potions of haste
 Q - a potion of ambrosia {unknown}
 R - a potion of agility {unknown}
 Y - a potion of berserk rage
Books
 H - a manual of Translocations
Comestibles
 d - 9 bread rations


   Skills:
 + Level 9.3 Fighting
 + Level 11.5 Maces & Flails
 - Level 8.0 Armour
 + Level 8.6 Dodging
 - Level 2.0 Spellcasting
 - Level 5.1 Hexes
 - Level 10.2 Charms
 + Level 7.5 Necromancy
 - Level 3.0 Translocations


You had one spell level left.
You knew the following spells:

 Your Spells              Type           Power        Failure   Level  Hunger
a - Infusion              Chrm           ####         1%          1    #......
b - Shroud of Golubria    Chrm/Tloc      ####......   1%          2    ##.....
c - Song of Slaying       Chrm           ######..     1%          2    ##.....
d - Regeneration          Chrm/Necr      #####.....   1%          3    ###....
e - Spectral Weapon       Hex/Chrm       #####...     2%          3    ###....
f - Animate Dead          Necr           N/A          9%          4    #####..


Dungeon Overview and Level Annotations

Branches:
Dungeon (10/15)            Temple (0/1) D:4            Lair (6/6) D:8
  Swamp (0/4) Lair:3        Snake (0/4) Lair:2        Slime (0/5) Lair:6
    Orc (0/2) D:9

Shops:
D:6 =   D:8 [   D:10 %

Annotations:
D:5 Dustman's ghost, amateur HOMo
D:8 exclusion: ice statue


Innate Abilities, Weirdness & Mutations

You have an increased reservoir of magic. (+10% MP)


Message History

The dire elephant tramples you!!
You hold your ground!
The dire elephant trunk-slaps you.
The dire elephant tramples your spectral weapon!
Your spectral weapon shares its damage with you!
Your spectral weapon holds its ground!
The dire elephant trunk-slaps your spectral weapon.
Your spectral weapon shares its damage with you!
You catch the helpless dire elephant completely off-guard!
You bludgeon the dire elephant!! You burn the dire elephant.
You kill the dire elephant!
The dire elephant tramples you!!
* * * LOW HITPOINT WARNING * * *
You hold your ground!
The dire elephant trunk-slaps you.
* * * LOW HITPOINT WARNING * * *
You sock the dire elephant! You burn the dire elephant.
The dire elephant is lightly wounded.
Your spectral weapon hits the dire elephant!!
Your spectral weapon burns the dire elephant!
The dire elephant tramples you!!
You die...

####'''########♣.......♣######♣..
..P...........###....♣##########.
###8.⌠.8#####...##♣♣♣##...P..# #.
,*##8.8###.≈###.#### #......# #.
,,*######P≈≈≈≈#....####.....P# #.
,,##$...#≈≈≈≈.####....#'###### #.
,,#|(...'≈≈≈≈.#8.####.#.# #.
,,#|%...'≈≈≈..'Y(...#...# ##
,*##!...##≈≈.##8@...#8.8# *♣♣ **
####**#########''##'### *♣[♣
#...#..#.##♣8♣* ###.........♣*
#........## ##..#.#.## ########


You could see a dire elephant and a friendly spectral great mace of flaming.

Vanquished Creatures
  Rupert (Lair:4)
  Nessos (Lair:4)
  A dire elephant (Lair:6)
  A red draconian (Volcano)
  An ogre mage (Volcano)
  4 hydras
  7 two-headed ogres
  2 death yaks (Lair:6)
  An anaconda (Lair:6)
  A necromancer (Lair:3)
  A wolf spider (Lair:5)
  Maurice (D:8)
  A molten gargoyle (Volcano)
  14 spiny frogs
  2 gargoyles
  4 black mambas
  2 torpor snails
  3 rime drakes
  11 komodo dragons
  2 polar bears
  2 trolls (D:9)
  A hornet (D:9)
  2 slime creatures (Lair:6)
  11 blink frogs
  4 hippogriffs
  19 dream sheep
  Sigmund (D:4)
  A wyvern (D:9)
  21 yaks
  5 basilisks
  2 fire bats (Volcano)
  2 soldier ants (D:9)
  15 water moccasins
  5 porcupines
  5 orc warriors
  2 elephant zombies (Lair:3)
  3 sky beasts
  3 ice beasts
  2 phantoms
  2 black bears
  A swamp drake (D:9)
  2 ogres
  4 wolves (Lair:2)
  A centaur (D:7)
  9 crocodiles
  A big kobold (D:7)
  21 bullfrogs
  6 scorpions
  A water moccasin skeleton (D:4)
  20 killer bees
  5 howler monkeys
  2 electric eels (Lair:3)
  4 lava snakes (Volcano)
  A centaur zombie (D:6)
  3 crimson imps
  A basilisk zombie (Lair:3)
  2 bullfrog zombies
  7 orc priests
  2 bullfrog skeletons
  A gnoll shaman (D:5)
  7 hounds
  8 jellies
  12 orc wizards
  3 centaur skeletons
  5 iguanas
  12 worker ants
  A hound skeleton (D:5)
  A worker ant zombie (D:9)
  8 gnolls
  27 adders
  2 shadow imps
  2 oozes
  2 worms
  3 dart slugs
  5 leopard geckos
  44 orcs
  13 giant cockroaches
  10 goblins
  7 hobgoblins
  23 jackals
  10 quokkas
  2 ball pythons
  11 bats
  9 frilled lizards
  14 kobolds
  8 rats
  2 plants (Lair:6)
514 creatures vanquished.

Vanquished Creatures (collateral kills)
  A death yak (Lair:6)
  A black mamba (Lair:6)
  A dream sheep (Lair:5)
  A basilisk (Lair:4)
  2 water moccasins (Lair:6)
6 creatures vanquished.

Vanquished Creatures (others)
  17 fungi
  48 plants
  11 spectral weapons
76 creatures vanquished.

Grand Total: 596 creatures vanquished

Notes
Turn   | Place    | Note
-------+----------+-------------------------------------------
     0 | D:1      | Mesmaeker13 the Demigod Skald began the quest for the Orb.
     0 | D:1      | Reached XP level 1. HP: 17/17 MP: 5/5
   401 | D:1      | Reached skill level 2 in Maces & Flails
   439 | D:1      | Reached XP level 2. HP: 18/24 MP: 2/7
   762 | D:1      | Reached XP level 3. HP: 25/29 MP: 8/8
  1025 | D:2      | Learned a level 2 spell: Shroud of Golubria
  1148 | D:2      | Found a radiant altar of Vehumet.
  1514 | D:2      | Found a sparkling altar of Nemelex Xobeh.
  1985 | D:2      | Reached XP level 4. HP: 31/36 MP: 9/9
  2323 | D:3      | Learned a level 2 spell: Song of Slaying
  3305 | D:3      | Reached skill level 1 in Translocations
  3311 | D:3      | Reached skill level 1 in Armour
  3777 | D:3      | Reached XP level 5. HP: 23/41 MP: 0/10
  4305 | D:3      | Reached skill level 3 in Maces & Flails
  4951 | D:4      | Found Cotaubo's General Store.
  5048 | D:4      | Reached XP level 6. HP: 43/48 MP: 5/11
  5178 | D:4      | Found a glowing golden altar of the Shining One.
  5217 | D:4      | Noticed Sigmund
  5319 | D:4      | Killed Sigmund
  5481 | D:4      | Reached XP level 7. HP: 48/53 MP: 0/12
  6021 | D:4      | Found a staircase to the Ecumenical Temple.
  6035 | D:4      | Reached skill level 4 in Maces & Flails
  6173 | D:4      | Found a glowing silver altar of Zin.
  6175 | D:4      | Found a bloodstained altar of Trog.
  6208 | D:4      | Found a shadowy altar of Dithmenos.
  6209 | D:4      | Found an iron altar of Okawaru.
  6365 | D:4      | Learned a level 3 spell: Regeneration
  6366 | D:5      | Entered Level 5 of the Dungeon
  6748 | D:6      | Reached skill level 5 in Charms
  7158 | D:5      | Reached skill level 1 in Necromancy
  7168 | D:5      | Noticed Dustman's ghost (amateur HOMo)
  7303 | D:5      | Found a hazy altar of Hepliaklqana.
  8827 | D:6      | Reached XP level 8. HP: 57/60 MP: 9/14
  8867 | D:6      | Learned a level 3 spell: Spectral Weapon
  8955 | D:6      | Found a sacrificial altar of Ru.
  9165 | D:6      | Found Caoch's Jewellery Shop.
  9252 | D:6      | Reached skill level 5 in Maces & Flails
 10164 | D:7      | Reached skill level 1 in Hexes
 10319 | D:7      | Noticed a hippogriff
 10328 | D:7      | Killed a hippogriff
 10538 | D:7      | Reached skill level 5 in Armour
 10791 | D:8      | Noticed Maurice
 10926 | D:8      | Reached XP level 9. HP: 54/67 MP: 10/15
 11136 | D:8      | Noticed a two-headed ogre
 11468 | D:7      | Killed a two-headed ogre
 11468 | D:7      | Reached skill level 6 in Maces & Flails
 11827 | D:8      | Noticed a two-headed ogre
 12707 | D:8      | Killed Maurice
 13528 | D:8      | Noticed an ice devil
 13528 | D:8      | Noticed an ice devil
 13529 | D:8      | Noticed an ice devil
 13530 | D:8      | Noticed an ice devil
 13530 | D:8      | Noticed an ice devil
 13693 | D:8      | Noticed an ice statue
 13709 | D:8      | Noticed an ice devil
 13712 | D:8      | Noticed an ice devil
 13776 | D:8      | Found Reremucw's Armour Boutique.
 13808 | D:8      | Bought a +2 helmet of intelligence for 258 gold pieces
 13934 | D:8      | Reached skill level 7 in Maces & Flails
 14310 | D:8      | Noticed a komodo dragon
 14326 | D:8      | Reached XP level 10. HP: 73/73 MP: 7/16
 14470 | D:8      | Found a staircase to the Lair.
 15065 | D:9      | Noticed a two-headed ogre
 15111 | D:9      | Killed a two-headed ogre
 15111 | D:9      | Reached skill level 5 in Hexes
 16558 | D:9      | Reached skill level 8 in Maces & Flails
 16631 | D:9      | Found a staircase to the Orcish Mines.
 18221 | D:9      | Reached XP level 11. HP: 84/84 MP: 11/17
 18256 | D:10     | Entered Level 10 of the Dungeon
 18261 | D:10     | Got a slimy hand crossbow
 18503 | D:10     | Found Qoax's Food Shoppe.
 19641 | D:10     | Noticed a two-headed ogre
 19652 | D:10     | Killed a two-headed ogre
 20329 | Lair:1   | Entered Level 1 of the Lair of Beasts
 20330 | Lair:1   | Noticed a six-headed hydra
 20340 | Lair:1   | Killed a six-headed hydra
 20340 | Lair:1   | Reached skill level 5 in Fighting
 20518 | Lair:1   | Identified the +3 hand crossbow "Jietur" {velocity, rElec MR+} (You found it on level 10 of the Dungeon)
 20574 | Lair:1   | Reached skill level 9 in Maces & Flails
 20776 | Lair:1   | Noticed a seven-headed hydra
 20785 | Lair:1   | Killed a seven-headed hydra
 21479 | Lair:1   | Noticed an eight-headed hydra
 21492 | Lair:1   | Killed an eight-headed hydra
 21936 | Lair:1   | Got a jewelled long sword
 22098 | Lair:1   | Reached skill level 5 in Dodging
 22707 | Lair:2   | Noticed a four-headed hydra
 22719 | Lair:2   | Killed a four-headed hydra
 22719 | Lair:2   | Reached XP level 12. HP: 57/96 MP: 9/18
 23207 | Lair:2   | Reached skill level 10 in Charms
 23790 | Lair:2   | Found a staircase to the Snake Pit.
 23805 | Lair:2   | Got a brightly glowing leather armour
 23807 | Lair:2   | Identified the +8 long sword of Death {flame, Int+2} (You found it on level 1 of the Lair of Beasts)
 23820 | Lair:2   | Identified the cursed +0 leather armour of a Thousand Continents {rPois rC+} (You found it on level 2 of the Lair of Beasts)
 23963 | Lair:2   | Reached skill level 10 in Maces & Flails
 24410 | Lair:1   | Learned a level 4 spell: Animate Dead
 24619 | Lair:3   | Got a distressingly furry chain mail
 24874 | Lair:3   | Found a staircase to the Swamp.
 25609 | Lair:3   | Identified the +0 chain mail "Vyce" {rCorr Dex+4} (You found it on level 3 of the Lair of Beasts)
 26080 | Lair:4   | Reached skill level 5 in Necromancy
 26500 | Lair:4   | Noticed Nessos
 26512 | Lair:4   | HP: 5/100 [Nessos/arrow (7)]
 26533 | Lair:4   | Killed Nessos
 27074 | Lair:5   | Noticed Rupert
 27086 | Lair:4   | Killed Rupert
 27086 | Lair:4   | Reached XP level 13. HP: 107/107 MP: 11/19
 28623 | Lair:6   | Entered Level 6 of the Lair of Beasts
 28648 | Lair:6   | Found a dark tunnel.
 28674 | Volcano  | Entered a volcano
 29252 | Volcano  | Found a bloodstained altar of Trog.
 29268 | Volcano  | Reached skill level 11 in Maces & Flails
 29445 | Volcano  | Noticed a red draconian
 29452 | Volcano  | Killed a red draconian
 30388 | Lair:6   | Found a staircase to the Slime Pits.
 31248 | Lair:6   | Noticed a dire elephant
 31248 | Lair:6   | Noticed a dire elephant
 31273 | Lair:6   | Killed a dire elephant
 31274 | Lair:6   | Slain by a dire elephant

Skill      XL: |  1  2  3  4  5  6  7  8  9 10 11 12 13 |
---------------+----------------------------------------+-----
Maces & Flails | 2 3 4 5 7 8 9 10 11 | 11.5
Charms         | 3 4 5 6 7 8 9 10 | 10.2
Dodging        | 2 3 5 7 8 |  8.6
Translocations | 1 2 3 |  3.0
Armour         | 1 2 3 5 6 7 8 |  8.0
Spellcasting   | 2 |  2.0
Necromancy     | 2 3 5 7 |  7.5
Hexes          | 2 4 5 |  5.1
Fighting       | 4 6 7 9 |  9.3

Action                   |  1- 3 |  4- 6 |  7- 9 | 10-12 | 13-15 || total
-------------------------+-------+-------+-------+-------+-------++-------
Melee: Mace              |   134 |   239 |    66 |       |       ||   439
       Short sword       |       |     7 |    89 |    95 |       ||   191
       Flail             |       |       |   308 |   162 |       ||   470
       Morningstar       |       |       |       |   643 |   204 ||   847
       Great mace        |       |       |       |       |    54 ||    54
Throw: Javelin           |       |       |     2 |       |       ||     2
 Cast: Infusion          |    10 |    18 |    46 |    67 |    13 ||   154
       Shroud of Golubri |     2 |    20 |    54 |   113 |    25 ||   214
       Song of Slaying   |       |     1 |       |     5 |     2 ||     8
       Regeneration      |       |       |    16 |    51 |    10 ||    77
       Spectral Weapon   |       |       |    11 |    79 |    27 ||   117
       Animate Dead      |       |       |       |     2 |     6 ||     8
 Abil: Evoke Berserk Rag |       |       |       |     1 |       ||     1
Evoke: Wand              |       |       |     1 |       |       ||     1
  Use: Scroll            |     3 |     2 |     8 |    10 |     8 ||    31
       Potion            |       |       |     4 |    10 |     1 ||    15
 Stab: Sleeping          |     2 |     1 |       |       |       ||     3
       Distracted        |       |       |     1 |     5 |     4 ||    10
  Eat: Chunk             |     4 |    12 |    23 |    55 |    15 ||   109
       Fruit             |       |     1 |     3 |     7 |     6 ||    17
       Royal jelly       |       |       |     1 |       |       ||     1
       Meat ration       |       |       |     1 |     1 |       ||     2
       Bread ration      |       |       |     1 |       |     1 ||     2
Armor: Leather armour    |    53 |    22 |       |       |       ||    75
       Ring mail         |       |    70 |   202 |   375 |    82 ||   729
Dodge: Dodged            |   119 |   179 |   368 |   649 |   148 ||  1463
